 Dungeon Crawl Stone Soup version 0.32-a0-859-gb0a091d592 (webtiles) character file.

Game seed: 1440939674139861718

38 Chadwick1 the Changeling (level 3, 0/27 HPs)
             Began as a Demigod Shapeshifter on Mar 27, 2024.
             Slain by a quokka (3 damage)
             ... on level 2 of the Dungeon.
             The game lasted 00:03:36 (968 turns).

Chadwick1 the Changeling (Demigod Shapeshifter)      Turns: 968, Time: 00:03:37

Health: 0/27       AC:  2    Str: 19    XL:     3   Next: 10%
Magic:  5/5        EV: 11    Int: 12    God:
Gold:   44         SH:  5    Dex: 13    Spells: 2/2 levels left

rFire   . .          .
                       - Unarmed
rCold   . . .        (no shield)
rNeg    . . .        a - +0 animal skin
rPois   .            (helmet currently unavailable)
rElec   .            (cloak currently unavailable)
rCorr   .            (gloves currently unavailable)
SInv    .            (boots currently unavailable)
Will    .....        l - amulet of reflection
Stlth   +            i - ring of wizardry
HPRegen 0.24/turn    (no ring)
MPRegen 0.09/turn

%: reflection, wizardry (x1)
@: lethally poisoned (0 -> -4), beast-form
A: beast (slay +1), high MP 1, forlorn, divine attributes
a: Begin Untransformation


You were on level 2 of the Dungeon.
You were a hulking beast.
You visited 1 branch of the dungeon, and saw 2 of its levels.

You collected 44 gold pieces.

Inventory:

Hand Weapons
 e - a +2 whip of electrocution
Armour
 a - a +0 animal skin (worn)
Jewellery
 i - a ring of wizardry (left hand)
 l - an amulet of reflection (around neck)
Talismans
 c - a beast talisman (active)
 d - a flux talisman
 h - a maw talisman
Scrolls
 f - a scroll of blinking {unknown}
 g - 2 scrolls of torment {unknown}
 j - 3 scrolls of identify {unknown}
 m - a scroll of teleportation {unknown}
Potions
 b - a potion of lignification
 k - a potion of degeneration {unknown}


   Skills:
 - Level 0.9 Fighting
 - Level 0.6 Maces & Flails
 - Level 1.8 Dodging
 - Level 0.1 Stealth
 * Level 3.1 Unarmed Combat
 * Level 3.3 Shapeshifting


You had 2 spell levels left.
You didn't know any spells.
Your spell library contained the following spells:

 Spells                   Type           Power      Damage    Failure   Level
 Freeze                   Ice            0%         1d3       13%         1
 Frozen Ramparts          Ice            0%         1d1       36%         3
 Hailstorm                Conj/Ice       0%         3d5       36%         3


Dungeon Overview and Level Annotations

Branches:
Dungeon (2/15)


Innate Abilities, Weirdness & Mutations

You are a hulking beast.
Your limbs bulge with bestial killing power. (Slay +1)
You have an increased reservoir of magic. (+10% MP)
You shall have no god before yourself.
Your divine heritage dramatically boosts your attributes as you level up.


Message History

The adder is lightly wounded.
The adder closely misses you.
The quokka bites you but does no damage. x2
You block the adder's attack.
You hit the adder.
The adder is moderately wounded.
The quokka misses you. The quokka bites you. The hobgoblin hits you.
The adder closely misses you. The quokka closely misses you.
You hit the adder.
The adder is severely wounded.
The quokka barely misses you. The hobgoblin hits you. The adder bites you.
The quokka barely misses you.
The quokka bites you but does no damage.
You barely miss the adder.
The adder is severely wounded.
The adder closely misses you. The hobgoblin closely misses you.
The quokka barely misses you. You block the quokka's attack.
You hit the adder.
The adder is severely wounded.
The adder bites you. You block the quokka's attack. The hobgoblin hits you.
The quokka misses you. The adder bites you.
You are too injured to fight recklessly!
You are too injured to fight recklessly!
You are too injured to fight recklessly!
You closely miss the adder.
The adder is severely wounded.
The quokka closely misses you. The hobgoblin barely misses you.
The quokka bites you.
* * * LOW HITPOINT WARNING * * *
The adder bites you.
* * * LOW HITPOINT WARNING * * *
You are lethally poisoned!
The adder poisons you!
You closely miss the adder.
The adder is severely wounded.
* * * LOW HITPOINT WARNING * * *
You feel sick. You block the quokka's attack. The adder bites you.
* * * LOW HITPOINT WARNING * * *
The quokka bites you.
You die...

.. #################
###.# ................#
#...# ................#
#...#
................###...##
........................
...#...r...#............
......Sh...#............
......rg)..#............
...........#....#####...
...........#....#####...
###..>..................
...............#.......
................+.......
.......##.......#.....#.
...#...#.


You could see an adder, 2 quokkas and a hobgoblin.

Vanquished Creatures
  An adder (D:2)
  6 endoplasms (D:1)
  4 giant cockroaches
  2 goblins (D:1)
  A hobgoblin (D:1)
  2 kobolds (D:2)
  3 quokkas (D:1)
  A ball python (D:1)
  2 bats (D:1)
  2 frilled lizards
  A rat (D:1)
25 creatures vanquished.

Notes
Turn   | Place    | Note
-------+----------+-------------------------------------------
     0 | D:1      | Chadwick1 the Demigod Shapeshifter began the quest for the
                  | Orb.
     0 | D:1      | Reached XP level 1. HP: 15/15 MP: 3/3
   221 | D:1      | Reached XP level 2. HP: 16/22 MP: 4/4
   944 | D:2      | Reached XP level 3. HP: 27/27 MP: 5/5
   968 | D:2      | Slain by a quokka

Illustrated notes

Levels and vault maps discovered:
D:1:      amcnicky_arrival_feature_with_door, layout_loops_ring,
          ebering_ecumenical_altar_webs
D:2:      minmay_angry_zag, layout_basic, serial_bayou_pond_b

Skill      XL: |  1  2 |
---------------+-------+-----
Shapeshifting  | 3 |  3.3
Unarmed Combat | 3 |  3.1
Fighting       | |  0.9
Maces & Flails | |  0.6
Dodging        | |  1.8
Stealth        | |  0.1

Action                     || total
---------------------------++-------
  Melee: Whip              ||    54
         Unarmed           ||    32
         Punch             ||     1
   Stab: Sleeping          ||     4
 Armour: Animal skin       ||    61
  Dodge: Dodged            ||    63
  Block: Other             ||    10

Table legend: (Time is in decaauts)
 A = Elapsed time spent in this place.
 B = Non-inter-level travel time spent in this place.
 C = Inter-level travel time spent in this place.
 D = Time resting spent in this place.
 E = Time spent auto-exploring this place.
 F = Levels seen in this place.
 G = Mean time per level.
                   A        B        C        D        E       F      G
               +--------+--------+--------+--------+--------+-----+--------+
         Total |    969 |    969 |      0 |      0 |    746 |   2 |  484.5 |
       Dungeon |    969 |    969 |      0 |      0 |    746 |   2 |  484.5 |
               +--------+--------+--------+--------+--------+-----+--------+

Top non-repeatable levels by time:
     D:1: 893 daAuts
     D:2: 76 daAuts
